 Dungeon Crawl Stone Soup version 0.31-a0-202-g547052bce9 (webtiles) character file.

Game seed: 15658208279560893584

25 qw the Shooter (level 2, -1/16 HPs)
             Began as a Deep Elf Hunter on June 26, 2023.
             Frozen to death by an endoplasm (2 damage)
             ... on level 1 of the Dungeon.
             The game lasted 00:00:13 (563 turns).

qw the Shooter (Deep Elf Hunter)                     Turns: 563, Time: 00:00:14

Health: -1/16      AC:  6    Str:  8    XL:     2   Next: 86%
Magic:  4/4        EV: 10    Int: 13    God:
Gold:   49         SH:  0    Dex: 18    Spells: 1/1 levels left

rFire   . . .        Y - +0 shortbow
rCold   . . .        (shield currently unavailable)
rNeg    . . .        i - +1 ring mail
rPois   .            (no helmet)
rElec   .            (no cloak)
rCorr   .            (no gloves)
SInv    .            (no boots)
Will    .....        (no amulet)
Stlth   +            (no ring)
HPRegen 0.22/turn    (no ring)
MPRegen 0.09/turn

%: no passive effects
@: no status effects
A: no striking features
a: no special abilities


You were on level 1 of the Dungeon.
You visited 1 branch of the dungeon, and saw 2 of its levels.

You collected 49 gold pieces.


   Skills:
 - Level 1.5 Fighting
 + Level 6.5 Ranged Weapons
 - Level 2.4 Dodging
 - Level 1.2 Stealth


You had one spell level left.
You didn't know any spells.
Your spell library was empty.

Inventory:

Hand Weapons
 Y - a +0 shortbow (weapon)
Armour
 i - a +1 ring mail (worn)
Potions
 d - a potion of invisibility {unknown}

Dungeon Overview and Level Annotations

Branches:
Dungeon (2/15)

Altars:


Message History

You shoot an arrow. The arrow closely misses the adder.
You shoot an arrow. The arrow hits the adder!
The adder is severely wounded.
The adder bites you but does no damage.
You shoot an arrow. The arrow hits the adder.
The adder is almost dead.
The adder closely misses you.
You shoot an arrow. The arrow barely misses the adder.
The adder bites you. The endoplasm hits you. The endoplasm freezes you.
You are frozen.
The adder barely misses you.
557 ||| STAIRDANCE The adder misses you.
The endoplasm hits you.
The endoplasm hits you but does no damage.
You climb upwards.
There is a stone staircase leading down here.
Enter note:
Enter note:
Enter note: You shoot an arrow.
The arrow closely misses the adder.
The adder completely misses you. The endoplasm barely misses you.
The endoplasm freezes you.
You are frozen.
The adder barely misses you.
You shoot an arrow. The arrow barely misses the adder.
The endoplasm hits you but does no damage.
The endoplasm hits you. The adder bites you but does no damage.
You shoot an arrow. The arrow hits the adder.
You kill the adder!
The endoplasm freezes you.
You are frozen.
The endoplasm hits you. The endoplasm completely misses you.
The endoplasm misses you.
You shoot an arrow. The arrow hits the endoplasm.
The endoplasm is severely wounded.
The endoplasm closely misses you. The endoplasm barely misses you.
You shoot an arrow.
The arrow hits the endoplasm but does no damage.
The endoplasm is severely wounded.
The endoplasm freezes you.
You are frozen.
You die...

#.......# #.........####
#.......####.........#...
#........................
#....%..########.....####
#.......## #..#.......
#........# ####.##.......
#........###....##.......
########%J.......#####.##
#@J.#####..# #..#
###..#####.## ##..
#....###..## ###
##......#..## #
##..##.##..## #
#..##..##..###
#..###........
#..########...
##.....####...


You could see 2 endoplasms.

Vanquished Creatures
  An adder (D:1)
  2 bats (D:1)
  2 hobgoblins (D:1)
  A kobold (D:1)
  4 ball pythons (D:1)
  A frilled lizard (D:1)
  3 goblins (D:1)
  4 rats (D:1)
18 creatures vanquished.

Notes
Turn   | Place    | Note
-------+----------+-------------------------------------------
     0 | D:1      | qw the Deep Elf Hunter began the quest for the Orb.
     0 | D:1      | Reached XP level 1. HP: 12/12 MP: 3/3
     0 | D:1      | 0 ||| qw: Version: 0.3-a-22-g0ed2b0b
     0 | D:1      | 0 ||| qw: Game counter: 6175
     0 | D:1      | 0 ||| qw: Melee chars always use a shield: true
     0 | D:1      | 0 ||| qw: God list: Okawaru
     0 | D:1      | 0 ||| qw: Allow faded altars: false
     0 | D:1      | 0 ||| qw: Do Orc after clearing Dungeon:15 true
     0 | D:1      | 0 ||| qw: Do second Lair branch before Depths: true
     0 | D:1      | 0 ||| qw: Lair rune preference: random
     0 | D:1      | 0 ||| qw: Goals: Normal
     0 | D:1      | 0 ||| PLANNING D:1-11
   195 | D:1      | Reached skill level 6 in Ranged Weapons
   195 | D:1      | Reached XP level 2. HP: 14/16 MP: 4/4
   500 | D:1      | 500 ||| UPGRADING to +0 ring mail.
   510 | D:1      | 510 ||| DROPPING +0 leather armour.
   511 | D:1      | 511 ||| READING 2 scrolls labelled YTHYIDYGUE.
   512 | D:1      | 512 ||| READING scroll of enchant armour.
   512 | D:1      | 512 ||| ENCHANTING +0 ring mail.
   513 | D:1      | 513 ||| READING scroll labelled XIMOMM JEZIO.
   517 | D:1      | 517 ||| READING scroll labelled EVINON ZAQOUSA.
   518 | D:1      | 518 ||| READING 4 scrolls labelled FIMIGO EGORHIE.
   519 | D:1      | 519 ||| DROPPING scroll of butterflies.
   520 | D:1      | 520 ||| DROPPING 3 scrolls of amnesia.
   557 | D:2      | 557 ||| STAIRDANCE
   560 | D:1      | HP: 3/16 [endoplasm (3)]
   561 | D:1      | HP: 1/16 [endoplasm (1)]
   563 | D:1      | Frozen to death by an endoplasm

Levels and vault maps discovered:
D:1:      heliophobic_arrival_battle_scene, layout_rooms
D:2:      layout_rooms, serial_co_window_serial, co_window_cross_1,
          co_window_paths_a, co_window_corner_a, co_window_paths_b,
          co_window_of_opportunity_a, co_window_corner_b, co_window_broadway_c,
          co_window_paths_c, co_window_corner_b, co_window_corner_b,
          co_window_paths_e, co_window_4corner_b, uniq_natasha, uniq_jessica

Skill      XL: |  1 |
---------------+----+-----
Ranged Weapons | 6 |  6.5
Fighting       | |  1.5
Dodging        | |  2.4
Stealth        | |  1.2

Action                     || total
---------------------------++-------
   Fire: Shortbow          ||    47
    Use: Scroll            ||     5
 Armour: Ring mail         ||     4
  Dodge: Dodged            ||    12

Table legend:
 A = Non-vault XP
 B = Vault XP
 C = Vault XP percentage of total XP
 D = Non-vault monster count
 E = Vault monster count
 F = Vault count percentage of total count
                 A         B        C        D         E       F
            +---------+---------+-------+---------+---------+-------
      Total |      37 |       0 |   0.0 |      18 |       0 |   0.0
            +---------+---------+-------+---------+---------+-------
        D:1 |      37 |       0 |   0.0 |      18 |       0 |   0.0
            +---------+---------+-------+---------+---------+-------
